Unix NetHack Version 5.0.0-0 post-release - last build Jun 10 2026 00:39:30 (3ee93aec679c4c4259841fe613dc97188e26a321,branch:main).

Game began 2026-06-18 04:23:50, ended 2026-06-18 04:35:44.

EvoEva, lawful male human Knight

                                       ----
                                       |.`.--
                                       huq...
                                       G...!.
                                       ......
                                       ....|.

EvoEva the Esquire       St:15 Dx:14 Co:10 In:8 Wi:15 Ch:17  Lawful
Dlvl:4  $:27 HP:0(39) Pw:39(39) AC:3  Xp:4 T:942  Ride

Latest messages:
 The gnome lord swings his bow.
 The gnome lord hits!
 You kill the gnome lord!
 There are several objects here.
 You see here an arrow.
 You see here an arrow.
 There are several objects here.
 You see here a dagger.
 There are several objects here.
 The 'g' prefix should be followed by a movement command.
 You learn more about your items by comparing them.
 h - an uncursed carrot (11 in total).
 t - a violet gem.
 You see here an arrow.
 In what direction? <esc>
 In what direction? 6
 You see no door there.
 You see here 2 arrows.
 You kill the lichen!
 u - a blue gem.
 You are beginning to feel hungry.
 What do you want to eat? [ghn or ?*] g
 Core dumped.
 You see here a scroll labeled EIRIS SAZUN IDISI.
 w - a scroll labeled EIRIS SAZUN IDISI.
 You descend the stairs.
 There is a staircase up to level 3 here.
 You see here a boulder.
 The dwarf wields a dwarvish mattock!
 The dwarvish mattock welds itself to the dwarf's hands!
 The saddled pony misses the dwarf.
 The saddled pony misses the dwarf.
 You miss the gnome.
 You miss the gnome.
 You kill the gnome!
 Your pony tries to move the boulder, but cannot.
 Your pony tries to move the boulder, but cannot.
 You miss the dwarf.
 You miss the dwarf.
 The rothe hits!
 The rothe bites!
 The rothe bites again!
 The dwarf swings his dwarvish mattock.
 The dwarf hits!
 You die...
 Do you want your possessions identified? [ynq] (y) y
 Do you want to see your attributes? [ynq] (y) y
 Do you want an account of creatures vanquished? [ynaq] (y) y
 Do you want to see your conduct and achievements? [ynq] (y) y
 Do you want to see the dungeon overview? [ynq] (y) y

Inventory:
 Coins    ('$')
  $ - 27 gold pieces
 Weapons  (')')
  a - a blessed +1 long sword (weapon in right hand)
  b - a +1 lance (alternate weapon; not wielded)
 Armor    ('[')
  d - an uncursed +0 helmet (being worn)
  f - an uncursed +0 pair of leather gloves (being worn)
  e - an uncursed +0 small shield (being worn)
  c - an uncursed +1 ring mail (being worn)
 Comestibles  ('%')
  g - 6 uncursed apples
  n - an uncursed partly eaten apple
  h - 11 uncursed carrots
 Scrolls  ('?')
  w - an uncursed scroll of light
  k - an uncursed scroll of scare monster
 Potions  ('!')
  m - an uncursed potion of invisibility
 Tools    ('(')
  j - an uncursed credit card
  q - a cursed tin whistle
 Gems/Stones  ('*')
  u - an uncursed worthless piece of blue glass
  t - an uncursed worthless piece of violet glass
  s - an uncursed worthless piece of white glass

EvoEva the Knight's attributes:

Background:
 You were an Esquire, a level 4 male human Knight.
 You were lawful, on a mission for Lugh
 who was opposed by Brigit (neutral) and Manannan Mac Lir (chaotic).
 You were right-handed.
 You were in the Gnomish Mines, on level 4.
 You entered the dungeon 942 turns ago.
 It was nighttime.
 You had 111 experience points, 49 more were needed to attain level 5.

Basics:
 You had 0 out of 39 hit points.
 You had all 39 energy points (spell power).
 Your armor class was 3.
 Your wallet contained 27 zorkmids.
 Autopickup was off.

Final Characteristics:
 Your strength was 15 (limit:18/100).
 Your dexterity was 14 (limit:18).
 Your constitution was 10 (limit:18).
 Your intelligence was 8 (limit:18).
 Your wisdom was 15 (limit:18).
 Your charisma was 17 (limit:18).

Final Status:
 You were riding your pony.
 You weren't hungry.
 You were unencumbered.
 You were wielding a long sword.
 You had basic skill with long sword.

Final Attributes:
 You were devoutly aligned.
 You could jump.
 You were warded.
 You are dead.

Miscellaneous:
 You didn't encounter any bones levels.
 Total elapsed playing time was 11 minutes and 33 seconds.

Major events:
 Turn
    1: EvoEva the lawful male human Knight entered the dungeon
  560: entered the Gnomish Mines
  747: attained the rank of Esquire (level 3)
  942: killed by a dwarf

You didn't know any spells.

Skills:
 Fighting Skills
   bare handed combat [Unskilled]
   two weapon combat  [Unskilled]
   riding             [Basic]
 Weapon Skills
   dagger             [Unskilled]
   knife              [Unskilled]
   axe                [Unskilled]
   pick-axe           [Unskilled]
   short sword        [Unskilled]
   broadsword         [Unskilled]
   long sword         [Basic]
   two-handed sword   [Unskilled]
   saber              [Unskilled]
   club               [Unskilled]
   mace               [Unskilled]
   morning star       [Unskilled]
   flail              [Unskilled]
   hammer             [Unskilled]
   polearms           [Unskilled]
   spear              [Unskilled]
   trident            [Unskilled]
   lance              [Basic]
   bow                [Unskilled]
   crossbow           [Unskilled]
 Spellcasting Skills
   attack spells      [Unskilled]
   healing spells     [Unskilled]
   clerical spells    [Unskilled]

Voluntary challenges:
 Character rerolling was not enabled.
 You followed a strict vegan diet.
 You were an atheist.
 You were illiterate.
 You never genocided any monsters.
 You never polymorphed an object.
 You never changed form.
 You used no wishes.
Achievements:
 You entered the Gnomish Mines.
 You attained the rank of Esquire.

 The Dungeons of Doom: levels 1 to 2
    Level 1:
       Some fountains.
    Level 2:
       A fountain.
       Stairs down to The Gnomish Mines.
 The Gnomish Mines: levels 3 to 4
    Level 3:
    Level 4: <- You were here.
       Final resting place for
          you, killed by a dwarf.


Vanquished creatures:
  a gnome leader
  a large kobold
 11 gnomes
  2 geckos
  3 jackals
  a fox
  2 kobolds
  a goblin
  5 grid bugs
  2 lichens
  3 newts
32 creatures vanquished.

No species were genocided or became extinct.

Game over:
                       ----------
                      /          \
                     /    REST    \
                    /      IN      \
                   /     PEACE      \
                  /                  \
                  |      EvoEva      |
                  |      27 Au       |
                  |   killed by a    |
                  |      dwarf       |
                  |                  |
                  |                  |
                  |       2026       |
                 *|     *  *  *      | *
        _________)/\\_//(\/(/\)/\//\/|_)_______

Fare thee well EvoEva the Knight...

You died in The Gnomish Mines on dungeon level 4 with 619 points,
and 27 pieces of gold, after 942 moves.
You were level 4 with a maximum of 39 hit points when you died.

